 Dungeon Crawl Stone Soup version 0.31-a0-1001-g770356a28f (webtiles) character file.

Game seed: 956765845163487725

88474 Malachi the Grappler (level 15, -10/115 (118) HPs)
             Began as a Gnoll Shapeshifter on Nov 7, 2023.
             Was a Follower of Uskayaw.
             Killed from afar by a tengu reaver (11 damage)
             ... with a bolt of fire
             ... on level 12 of the Dungeon on Nov 8, 2023.
             The game lasted 00:51:22 (29961 turns).

Malachi the Grappler (Gnoll Shapeshifter)          Turns: 29961, Time: 00:51:23

HP:   -10/115 (118) AC: 13    Str: 19    XL:     15   Next: 94%
MP:   38/38         EV: 16    Int:  9    God:    Uskayaw [*.....]
Gold: 1362          SH:  5    Dex: 11    Spells: 27/35 levels left

rFire   + + .        c - +5 triple crossbow (freeze)
rCold   + + .        (shield currently unavailable)
rNeg    + . .        h - +4 skin of Zhor {*Englaciate rC+++ SInv}
rPois   .            q - +0 helmet
rElec   .            x - +2 cloak
rCorr   .            w - +0 pair of gloves
SInv    +            (no boots)
Will    +....        J - amulet of reflection
Stlth   +++++        H - ring "Daecag" {rF+ rN+}
HPRegen 0.39/turn    A - ring of the Failed Coup {Fire MP+9 Dex-3 Stlth+}
MPRegen 0.26/turn

%: reflection
@: lethally poisoned (-10 -> -21), hasted, lightly drained, very quick
A: fangs 1, strong nose, distributed training
a: Renounce Religion, Stomp


You were on level 12 of the Dungeon.
You worshipped Uskayaw.
Uskayaw was aware of your devotion.
You visited 4 branches of the dungeon, and saw 22 of its levels.
You also visited: Trove and Volcano.

You collected 1362 gold pieces.

Inventory:

Hand Weapons
 c - a +5 triple crossbow of freezing (weapon)
 V - a +2 triple sword of flaming
Missiles
 X - 6 javelins
 Y - 3 throwing nets
Armour
 h - the +4 skin of Zhor (worn) {*Englaciate rC+++ SInv}
   (You acquired it on level 3 of the Dungeon)

   *Englaciate: It radiates cold, occasionally slowing all nearby creatures who
   are not resistant to cold.
   rC+++:     It renders you almost immune to cold.
   SInv:      It lets you see invisible.
 n - the +1 buckler "Nishrooc" {rF+ rC+}
   (You found it on level 11 of the Dungeon)

   rF+:       It protects you from fire.
   rC+:       It protects you from cold.
 q - a +0 helmet (worn)
 w - a +0 pair of gloves (worn)
 x - a +2 cloak (worn)
 U - a +3 chain mail of fire resistance
Jewellery
 e - the ring "Ommuikoa" {rN+ rCorr}
   (You found it in a treasure trove)

   [ring of resist corrosion]

   rN+:       It protects you from negative energy.
   rCorr:     It protects you from acid and corrosion.
 f - a ring of poison resistance
 l - a ring of see invisible
 z - a ring of flight
 A - the ring of the Failed Coup (right hand) {Fire MP+9 Dex-3 Stlth+}
   (You found it in a treasure trove)

   [ring of fire]

   Fire:      It enhances your fire magic.
   Dex-3:     It affects your dexterity (-3).
   rF+:       It protects you from fire.
   rC-:       It makes you vulnerable to cold.
   MP+9:      It affects your magic capacity (+9).
   Stlth+:    It makes you more stealthy.
 H - the ring "Daecag" (left hand) {rF+ rN+}
   (You found it in a treasure trove)

   [ring of protection from fire]

   rF+:       It protects you from fire.
   rN+:       It protects you from negative energy.
 J - an amulet of reflection (around neck)
 L - the ring of Xyamneos {Wiz rElec Dex+2}
   (You found it in a treasure trove)

   [ring of wizardry]

   Wiz:       It improves your spell success rate.
   Dex+2:     It affects your dexterity (+2).
   rElec:     It insulates you from electricity.
Talismans
 M - the flux talisman of Uskayaw's Esteem {+Blink rElec rF- Dex+7}
   (You found it on level 7 of the Dungeon)

   [flux talisman]

   Dex+7:     It affects your dexterity (+7).
   rF-:       It makes you vulnerable to fire.
   rElec:     It insulates you from electricity.
   +Blink:    It lets you blink.
Wands
 d - a wand of mindburst (2)
 E - a wand of charming (11)
 I - a wand of flame (76)
 K - a wand of roots (16)
 R - a wand of polymorph (7)
 S - a wand of acid (1)
 T - a wand of digging (6)
Scrolls
 g - 2 scrolls of brand weapon
 j - 4 scrolls of revelation
 k - 8 scrolls of teleportation
 y - 2 scrolls of amnesia
 D - 3 scrolls of fog
 F - 2 scrolls of enchant armour
 P - 2 scrolls of immolation
Potions
 a - a potion of attraction
 b - 4 potions of lignification
 i - 2 potions of ambrosia
 r - 4 potions of mutation
 s - 3 potions of haste
 t - 4 potions of invisibility
 v - 9 potions of curing
 C - a potion of berserk rage
 N - 2 potions of heal wounds
 O - 2 potions of magic
 Q - 4 potions of brilliance
 Z - 4 potions of might
Miscellaneous
 o - a phial of floods
 p - a phantom mirror
 u - a condenser vane


   Skills:
 + Level 11.0 Fighting
 + Level 10.6 Short Blades
 + Level 10.6 Long Blades
 + Level 10.6 Axes
 + Level 10.6 Maces & Flails
 + Level 10.6 Polearms
 + Level 10.6 Staves
 + Level 10.6 Ranged Weapons
 + Level 10.6 Throwing
 + Level 10.6 Armour
 + Level 11.6 Dodging
 + Level 10.6 Stealth
 + Level 10.6 Shields
 + Level 12.4 Unarmed Combat
 + Level 10.6 Spellcasting
 + Level 9.0 Conjurations
 + Level 9.0 Hexes
 + Level 9.0 Summonings
 + Level 9.0 Necromancy
 + Level 9.0 Translocations
 + Level 9.0 Transmutations
 + Level 9.0 Fire Magic
 + Level 9.0 Ice Magic
 + Level 9.0 Air Magic
 + Level 9.0 Earth Magic
 + Level 9.0 Poison Magic
 + Level 11.6 Invocations
 + Level 10.6 Evocations
 + Level 11.7 Shapeshifting


You had 27 spell levels left.
You knew the following spells:

 Your Spells              Type           Power      Damage    Failure   Level
a - Swiftness             Air            21%        N/A       1%          3
b - Silence               Hex/Air        10%        N/A       10%         5

Your spell library contained the following spells:

 Spells                   Type           Power      Damage    Failure   Level
 Magic Dart               Conj           84%        1d7       1%          1
 Blink                    Tloc           42%        N/A       1%          2
 Call Imp                 Summ           42%        N/A       1%          2
 Ensorcelled Hibernation  Hex/Ice        42%        N/A       1%          2
 Lesser Beckoning         Tloc           42%        N/A       1%          2
 Passwall                 Tmut/Erth      17%        N/A       1%          2
 Poisonous Vapours        Pois/Air       42%        N/A       1%          2
 Sublimation of Blood     Necr           21%        N/A       1%          2
 Gell's Gravitas          Tloc           21%        N/A       1%          3
 Mephitic Cloud           Conj/Pois/Air  21%        N/A       1%          3
 Teleport Other           Tloc           21%        N/A       1%          3
 Tukima's Dance           Hex            21%        N/A       1%          3
 Brom's Barrelling Bould  Conj/Erth      21%        2d4       3%          4
 Manifold Assault         Tloc           21%        N/A       3%          4
 Passage of Golubria      Tloc           21%        N/A       3%          4
 Petrify                  Tmut/Erth      21%        N/A       3%          4
 Fireball                 Conj/Fire      15%        3d8       10%         5
 Freezing Cloud           Conj/Ice/Air   10%        6-21      10%         5
 Irradiate                Conj/Tmut      10%        3d15      10%         5
 Iskenderun's Battlesphe  Conj           21%        2d7       10%         5
 Summon Forest            Summ/Tloc      10%        N/A       10%         5
 Summon Mana Viper        Hex/Summ       21%        N/A       10%         5
 Yara's Violent Unravell  Hex/Tmut       10%        3d6       10%         5
 Conjure Ball Lightning   Conj/Air       10%        3x3d6     45%         6
 Summon Cactus Giant      Summ           10%        N/A       45%         6
 Orb of Destruction       Conj           10%        9d6       96%         7
 Lehudib's Crystal Spear  Conj/Erth      10%        10d4      100%        8


Dungeon Overview and Level Annotations

Branches:
Dungeon (15/15)            Temple (1/1) D:4            Lair (5/5) D:11
  Swamp (0/4) Lair:3        Snake (0/4) Lair:2        Slime (0/5) Lair:4
    Orc (1/2) D:11         Vaults (0/5) D:14         Depths (0/4) D:15
Volcano (visited)

Altars:
Ashenzari
Cheibriados
Dithmenos
Elyvilon
Fedhas
Gozag
Hepliaklqana
Kikubaaqudgha
Makhleb
Nemelex Xobeh
Okawaru
Qazlal
Ru
Sif Muna
Trog
Uskayaw
Vehumet
Wu Jian
Xom
Yredelemnul
Zin
The Shining One
Jiyva

Shops:
D:4 (

Annotations:
D:12 exclusion: door


Innate Abilities, Weirdness & Mutations

You have very sharp teeth.
Your uncanny sense of smell can sniff out nearby items.
Your experience applies equally to all skills.


Message History

The bolt of acid misses you.
Unknown command.
Fire: c) +5 triple crossbow (freeze)
Press: ? - help, Q - select action, (/) - cycle Shift-Dir - straight line, f/p - tengu reaver
Aim: a tengu reaver, wielding a +0 broad axe, wearing a +2 scale mail of willpower and wearing a +2 buckler (repelling missiles, 5% to hit)
You shoot a bolt. The tengu reaver blocks the bolt.
The tengu reaver gestures at you while chanting.
The bolt of poison misses you.
Unknown command.
Fire: c) +5 triple crossbow (freeze)
Press: ? - help, Q - select action, (/) - cycle Shift-Dir - straight line, f/p - tengu reaver
Aim: a tengu reaver, wielding a +0 broad axe, wearing a +2 scale mail of willpower and wearing a +2 buckler (repelling missiles, 5% to hit)
You shoot a bolt.
The bolt closely misses the tengu reaver.
The tengu reaver casts a spell at you. The bolt of poison hits you!!
You are poisoned.
* * * LOW HITPOINT WARNING * * *
Unknown command.
Fire: c) +5 triple crossbow (freeze)
Press: ? - help, Q - select action, (/) - cycle Shift-Dir - straight line, f/p - tengu reaver
Aim: a tengu reaver, wielding a +0 broad axe, wearing a +2 scale mail of willpower and wearing a +2 buckler (repelling missiles, 5% to hit)
You shoot a bolt. The tengu reaver blocks the bolt.
* * * LOW HITPOINT WARNING * * *
You feel extremely sick.
The tengu reaver hits you with a +0 broad axe.
* * * LOW HITPOINT WARNING * * *
The tengu reaver completely misses you.
The tengu reaver claws you but does no damage.
Unknown command.
Fire: c) +5 triple crossbow (freeze)
Press: ? - help, Q - select action, (/) - cycle Shift-Dir - straight line, f/p - tengu reaver
Aim: a tengu reaver, wielding a +0 broad axe, wearing a +2 scale mail of willpower and wearing a +2 buckler (repelling missiles, 5% to hit)
You shoot a bolt.
The bolt closely misses the tengu reaver.
* * * LOW HITPOINT WARNING * * *
You feel very sick.
The tengu reaver points at you and mumbles some strange words.
The bolt of fire hits you! You resist.
You die...

...###.##.##.....##.##..>....#
........##.#....###.#........#
.........#.#.....##.........##
..................##...######
...[.....#.#............###
........##.#......#.##....###
...###.##.##......#.#.......##
..##.....##..................#
.##.##.###......@Q...........##
.#.##.........................###
.#.#.................#.......###.
.=...................##.#....##..
.#.#(................####...###..
##.#.............................
#.##.......#.......>..###........
.##.......###.#........##..#..#..
##....<....#....#..........#####.


You could see a tengu reaver (repels missiles).

Vanquished Creatures
  Rupert (D:15)
  Kirke (D:15)
  A stone giant (D:15)
  A fire dragon (Volcano)
  4 vault guards (D:14)
  2 hydras
  Erica (Lair:1)
  6 centaur warriors
  A merfolk avatar (Lair:5)
  A catoblepas (D:13)
  7 two-headed ogres
  4 boulder beetles
  10 death yaks
  5 tengu warriors
  Nergalle (D:10)
  A skeletal warrior (D:14)
  5 skysharks
  A sea snake (Lair:5)
  A fire crab (D:12)
  An arcanist (D:14)
  2 orc knights
  4 deep elf pyromancers
  11 ugly things
  3 salamanders (Volcano)
  3 cyclopes
  5 elephants
  2 manticores
  Joseph (D:8)
  5 black mambas
  A torpor snail (Lair:4)
  A gargoyle (D:11)
  16 cane toads
  Psyche (D:8)
  2 rime drakes
  3 unseen horrors
  11 komodo dragons
  9 trolls
  3 meliai (D:14)
  A wind drake (Lair:5)
  A tyrant leech (shapeshifter) (D:15)
  A hornet (D:9)
  Prince Ribbit (D:5)
  28 blink frogs
  2 snapping turtles (Lair:5)
  10 slime creatures
  2 shadows
  Sigmund (D:3)
  4 wraiths
  7 wyverns
  Eustachio (D:5)
  41 yaks
  11 fire bats (Volcano)
  A vampire (D:9)
  5 hogs (D:15)
  4 steam dragons (Volcano)
  9 basilisks
  4 vampire mosquitoes (D:8)
  Menkaure (D:4)
  2 acid dragons (D:11)
  3 nagas (Lair:2)
  17 water moccasins
  A sky beast (D:7)
  6 black bears
  An ice beast (D:7)
  10 orc warriors
  3 ogres
  22 wolves
  8 centaurs
  2 phantoms
  2 kobold brigands
  6 bullfrogs
  3 scorpions
  4 wights (D:8)
  10 killer bees
  2 electric eels (Lair:2)
  3 howler monkeys
  3 hounds
  6 orc priests
  An iguana (D:5)
  3 sleepcaps
  6 orc wizards
  10 adders
  3 gnolls (D:5)
  A shadow imp (D:7)
  6 white imps
  2 worms (D:2)
  2 dart slugs
  37 orcs
  7 ball pythons
  3 bats (D:1)
  8 endoplasms
  4 giant cockroaches
  6 goblins
  5 hobgoblins
  10 kobolds
  5 quokkas
  2 frilled lizards
  5 rats
513 creatures vanquished.

Vanquished Creatures (collateral kills)
  A fire bat (Volcano)
  An ogre (Volcano)
2 creatures vanquished.

Vanquished Creatures (others)
  A two-headed ogre (Volcano)
  2 humans (D:15)
  2 steam dragons (Volcano)
5 creatures vanquished.

Grand Total: 520 creatures vanquished

Notes
Turn   | Place    | Note
-------+----------+-------------------------------------------
     0 | D:1      | Malachi the Gnoll Shapeshifter began the quest for the Orb.
     0 | D:1      | Reached XP level 1. HP: 17/17 MP: 1/1
   249 | D:1      | Reached XP level 2. HP: 23/23 MP: 2/2
   995 | D:2      | Reached XP level 3. HP: 28/28 MP: 2/4
  1171 | D:2      | Found an opulent altar of Gozag.
  1189 | D:2      | Reached skill level 1 in Invocations
  1239 | D:2      | Reached skill level 1 in Short Blades
  1239 | D:2      | Reached skill level 1 in Long Blades
  1239 | D:2      | Reached skill level 1 in Axes
  1239 | D:2      | Reached skill level 1 in Maces & Flails
  1239 | D:2      | Reached skill level 1 in Polearms
  1239 | D:2      | Reached skill level 1 in Staves
  1239 | D:2      | Reached skill level 1 in Ranged Weapons
  1239 | D:2      | Reached skill level 1 in Throwing
  1239 | D:2      | Reached skill level 1 in Armour
  1239 | D:2      | Reached skill level 1 in Stealth
  1239 | D:2      | Reached skill level 1 in Shields
  1239 | D:2      | Reached skill level 1 in Spellcasting
  1239 | D:2      | Reached skill level 1 in Evocations
  1413 | D:2      | Reached XP level 4. HP: 28/34 MP: 5/5
  1853 | D:3      | Noticed Sigmund
  1906 | D:3      | Reached skill level 1 in Conjurations
  1906 | D:3      | Reached skill level 1 in Hexes
  1906 | D:3      | Reached skill level 1 in Summonings
  1906 | D:3      | Reached skill level 1 in Necromancy
  1906 | D:3      | Reached skill level 1 in Translocations
  1906 | D:3      | Reached skill level 1 in Transmutations
  1906 | D:3      | Reached skill level 1 in Fire Magic
  1906 | D:3      | Reached skill level 1 in Ice Magic
  1906 | D:3      | Reached skill level 1 in Air Magic
  1906 | D:3      | Reached skill level 1 in Earth Magic
  1906 | D:3      | Reached skill level 1 in Poison Magic
  2040 | D:3      | Reached XP level 5. HP: 40/40 MP: 5/7
  2086 | D:3      | Found a faded altar of an unknown god.
  2128 | D:3      | Prayed at the altar of an unknown god.
  2128 | D:3      | Became a worshipper of Ru the Awakened
  2160 | D:3      | Fell from the grace of Ru
  2248 | D:3      | Killed Sigmund
  2249 | D:3      | Reached skill level 5 in Dodging
  2249 | D:3      | Reached XP level 6. HP: 24/47 MP: 7/9
  2533 | D:3      | Identified a scroll of acquirement
  2533 | D:3      | Identified the "Mimytyas" (You acquired it on level 3 of
                  | the Dungeon)
  2533 | D:3      | Acquired the +4 skin of Zhor {*Englaciate rC+++ SInv}
  2533 | D:3      | Found the +4 skin of Zhor {*Englaciate rC+++ SInv}
  2838 | D:4      | Found an ancient bone altar of Kikubaaqudgha.
  2954 | D:4      | Noticed Menkaure
  2965 | D:5      | Entered Level 5 of the Dungeon
  3280 | D:5      | Noticed Prince Ribbit
  3308 | D:5      | Killed Prince Ribbit
  3309 | D:5      | Reached skill level 7 in Unarmed Combat
  3309 | D:5      | Reached XP level 7. HP: 16/52 MP: 10/10
  3624 | D:5      | Found a shimmering blue altar of Sif Muna.
  3635 | D:5      | Reached XP level 8. HP: 49/60 MP: 12/12
  3789 | D:5      | Noticed Eustachio
  3802 | D:5      | Killed Eustachio
  4288 | D:4      | Killed Menkaure
  4432 | D:4      | Found Resugayrgh's Firing Range.
  4535 | D:4      | Found a staircase to the Ecumenical Temple.
  5344 | Temple   | Entered the Ecumenical Temple
  5395 | Temple   | Became a worshipper of Uskayaw the Reveller
  5496 | D:6      | Reached * piety under Uskayaw
  5499 | D:6      | Reached ** piety under Uskayaw
  5538 | D:6      | Reached XP level 9. HP: 32/66 MP: 2/14
  5688 | D:6      | Found a blossoming altar of Fedhas.
  5787 | D:6      | Reached *** piety under Uskayaw
  6014 | D:6      | Reached skill level 5 in Fighting
  6017 | D:6      | Reached **** piety under Uskayaw
  6025 | D:6      | Reached ***** piety under Uskayaw
  6380 | D:7      | Reached skill level 8 in Unarmed Combat
  6489 | D:7      | Reached skill level 5 in Invocations
  6811 | D:7      | Found a sacrificial altar of Ru.
  6841 | D:7      | Identified the flux talisman of Uskayaw's Esteem {+Blink
                  | rElec rF- Dex+7}
  6990 | D:7      | Found an opulent altar of Gozag.
  6990 | D:7      | Found a burning altar of Makhleb.
  7000 | D:7      | Reached XP level 10. HP: 75/75 MP: 17/17
  7350 | D:8      | Noticed a two-headed ogre
  7359 | D:8      | Killed a two-headed ogre
  7360 | D:8      | Reached skill level 5 in Short Blades
  7360 | D:8      | Reached skill level 5 in Long Blades
  7360 | D:8      | Reached skill level 5 in Axes
  7360 | D:8      | Reached skill level 5 in Maces & Flails
  7360 | D:8      | Reached skill level 5 in Polearms
  7360 | D:8      | Reached skill level 5 in Staves
  7360 | D:8      | Reached skill level 5 in Ranged Weapons
  7360 | D:8      | Reached skill level 5 in Throwing
  7360 | D:8      | Reached skill level 5 in Armour
  7360 | D:8      | Reached skill level 5 in Stealth
  7360 | D:8      | Reached skill level 5 in Shields
  7360 | D:8      | Reached skill level 5 in Spellcasting
  7360 | D:8      | Reached skill level 5 in Evocations
  7363 | D:8      | Noticed Joseph
  7378 | D:8      | Killed Joseph
  8156 | D:8      | Noticed a two-headed ogre
  8169 | D:8      | Killed a two-headed ogre
  8280 | D:8      | Found a shimmering altar of Xom.
  8539 | D:8      | Noticed Psyche
  8550 | D:8      | Killed Psyche
  8551 | D:8      | Reached XP level 11. HP: 77/83 MP: 19/19
  8871 | D:9      | Reached skill level 9 in Unarmed Combat
  8950 | D:9      | Reached skill level 5 in Conjurations
  8950 | D:9      | Reached skill level 5 in Hexes
  8950 | D:9      | Reached skill level 5 in Summonings
  8950 | D:9      | Reached skill level 5 in Necromancy
  8950 | D:9      | Reached skill level 5 in Translocations
  8950 | D:9      | Reached skill level 5 in Transmutations
  8950 | D:9      | Reached skill level 5 in Fire Magic
  8950 | D:9      | Reached skill level 5 in Ice Magic
  8950 | D:9      | Reached skill level 5 in Air Magic
  8950 | D:9      | Reached skill level 5 in Earth Magic
  8950 | D:9      | Reached skill level 5 in Poison Magic
  9353 | D:9      | Noticed a two-headed ogre
  9360 | D:9      | Killed a two-headed ogre
  9531 | D:9      | Noticed a two-headed ogre
  9542 | D:9      | Killed a two-headed ogre
  9880 | D:10     | Entered Level 10 of the Dungeon
  9890 | D:10     | Found an ornate altar of the Wu Jian Council.
  9891 | D:10     | Noticed a two-headed ogre
  9912 | D:10     | Killed a two-headed ogre
  9921 | D:10     | Noticed Nergalle
  9931 | D:10     | Killed Nergalle
 10120 | D:10     | Found a portal to a secret trove of treasure.
 10301 | D:10     | You fall into a shaft and drop 1 floor!
 10513 | D:11     | Found a staircase to the Lair.
 10552 | D:11     | Reached ****** piety under Uskayaw
 11372 | D:11     | Noticed a cyan ugly thing
 11390 | Lair:1   | Entered Level 1 of the Lair of Beasts
 11390 | Lair:1   | Noticed a death yak
 11390 | Lair:1   | Noticed a death yak
 11390 | Lair:1   | Noticed a death yak
 11404 | Lair:1   | Reached XP level 12. HP: 47/91 MP: 22/22
 11694 | Lair:1   | Killed a death yak
 11718 | Lair:1   | Killed a death yak
 11732 | Lair:1   | Killed a death yak
 11744 | Lair:1   | Noticed Erica
 11758 | Lair:1   | Killed Erica
 11759 | Lair:1   | Reached skill level 10 in Unarmed Combat
 11780 | Lair:1   | Learned a level 3 spell: Swiftness
 13470 | D:11     | Found a staircase to the Orcish Mines.
 14110 | D:11     | Identified the +1 buckler "Nishrooc" {rF+ rC+}
 14342 | D:12     | Noticed a tengu warrior
 14348 | D:12     | Noticed a tengu reaver
 15097 | Lair:2   | Noticed a skyshark
 15116 | Lair:1   | Killed a skyshark
 15121 | Lair:1   | Reached XP level 13. HP: 58/99 MP: 21/25
 15762 | Lair:2   | Reached skill level 10 in Shapeshifting
 16546 | Lair:2   | Found a staircase to the Snake Pit.
 17487 | Lair:3   | Found a dark tunnel.
 17493 | Volcano  | Entered a volcano
 18280 | Volcano  | Reached skill level 10 in Dodging
 18280 | Volcano  | Reached skill level 11 in Unarmed Combat
 18291 | Volcano  | Noticed a fire dragon
 18307 | Volcano  | Killed a fire dragon
 18461 | Lair:3   | Found a staircase to the Swamp.
 18567 | D:10     | You paid a toll of +3 fire dragon scales to enter a
                  | treasure trove
 18568 | Trove    | Entered a treasure trove
 18571 | Trove    | Found the Hermit's Pendant {Faith Invo=14 Evo=0 MP+5}
 18578 | Trove    | Identified the ring "Ommuikoa" {rN+ rCorr}
 18582 | Trove    | Identified the ring "Daecag" {rF+ rN+}
 18598 | Trove    | Identified the ring of Xyamneos {Wiz rElec Dex+2}
 18600 | Trove    | Identified the ring of the Failed Coup {Fire MP+9 Dex-3
                  | Stlth+}
 19160 | D:12     | Reached XP level 14. HP: 100/108 MP: 27/27
 19681 | D:12     | Identified the +5 flail "Ybonuax" {venom, rElec Str+3
                  | Int-2}
 19948 | D:12     | Reached skill level 10 in Invocations
 20039 | D:12     | Found a runed translucent door.
 20136 | D:12     | Found an ancient bone altar of Kikubaaqudgha.
 20195 | D:12     | HP: 1/94 [+0 vampiric demon whip (11)]
 22355 | D:14     | Found a gate to the Vaults.
 22506 | D:14     | Found a broken altar of Ashenzari.
 22559 | D:14     | Reached skill level 10 in Fighting
 23228 | D:15     | Entered Level 15 of the Dungeon
 23846 | D:15     | Noticed Kirke
 23872 | D:15     | Killed Kirke
 23954 | D:15     | Found a staircase to the Depths.
 23954 | D:15     | Noticed a stone giant
 23963 | D:15     | Killed a stone giant
 23964 | D:15     | Reached XP level 15. HP: 52/115 MP: 28/28
 24235 | D:15     | Upgraded the game from 0.31-a0-996-g3b49de5836 to
                  | 0.31-a0-1001-g770356a28f
 24607 | D:15     | Reached skill level 10 in Short Blades
 24607 | D:15     | Reached skill level 10 in Long Blades
 24607 | D:15     | Reached skill level 10 in Axes
 24607 | D:15     | Reached skill level 10 in Maces & Flails
 24607 | D:15     | Reached skill level 10 in Polearms
 24607 | D:15     | Reached skill level 10 in Staves
 24607 | D:15     | Reached skill level 10 in Ranged Weapons
 24607 | D:15     | Reached skill level 10 in Throwing
 24607 | D:15     | Reached skill level 10 in Armour
 24607 | D:15     | Reached skill level 10 in Stealth
 24607 | D:15     | Reached skill level 10 in Shields
 24607 | D:15     | Reached skill level 10 in Spellcasting
 24607 | D:15     | Reached skill level 10 in Evocations
 24933 | D:15     | Reached skill level 12 in Unarmed Combat
 25067 | D:15     | Noticed Rupert
 25075 | D:15     | Paralysed by Rupert for 5 turns
 25084 | D:15     | Killed Rupert
 26566 | Lair:4   | Found a viscous altar of Jiyva.
 26566 | Lair:4   | Found a staircase to the Slime Pits.
 27237 | Lair:5   | Entered Level 5 of the Lair of Beasts
 28124 | Lair:5   | Learned a level 5 spell: Silence
 28536 | Lair:5   | Identified the +4 battleaxe "Ylij" {flame, rF+ rN+ rCorr}
 28802 | Lair:5   | Identified the +1 shortbow "Neihar" {drain, rElec rPois
                  | Int+3 Stlth+}
 29863 | Orc:1    | Entered Level 1 of the Orcish Mines
 29960 | D:12     | HP: 5/115 [tengu reaver/+0 broad axe (4)]
 29961 | D:12     | HP: 1/115 [poisoned by a tengu reaver (bolt of poison)]
 29961 | D:12     | Killed from afar by a tengu reaver

Illustrated notes

Levels and vault maps discovered:
D:1:      dpeg_arrival_lava_temple_mockup, layout_basic, serial_bayou_pond_b,
          hangedman_decor_slide_cut
D:2:      layout_basic, basic_altar
D:3:      layout_rooms, shapermc_ecumenical_altar_mp_ritualfount,
          chequers_serial_rivers_large_b, uniq_sigmund
D:4:      layout_loops_corners, mainiacjoe_overflow_brackets,
          minmay_temple_entry_grid, nicolae_ossuary_entry_false_entrances,
          nicolae_shop_firing_range, uniq_menkaure
D:5:      layout_loops_ring, mainiacjoe_overflow_catwalk, uniq_prince_ribbit1,
          uniq_eustachio
D:6:      layout_basic, fedhas_altar_2, grunt_ministairs_15
D:7:      layout_gridville, mainiacjoe_overflow_six_doors_small,
          gammafunk_temple_overflow_elements, david_defended_altar_orc
D:8:      layout_basic, kennysheep_mini, grunt_decor_arrowhead, uniq_joseph,
          uniq_psyche
D:9:      wander_river, layout_basic
D:10:     layout_loops_ring, old_standard_altar, enter_trove_2, uniq_nergalle
D:11:     layout_basic, minmay_lair_entry_grove, david_orc_2
D:12:     minmay_strange_plus, layout_cave_pools, nicolae_danse_macabre
D:13:     layout_long_grid
D:14:     layout_loops_ring, lightli_vaults_fourway_checkpoint,
          ashenzari_altar_1
D:15:     grunt_enter_depths_snipers, layout_loops_corners, uniq_rupert,
          uniq_kirke
Temple:   nicolae_temple_ecumenical_triangle
Lair:1:   layout_layer_cave, minmay_stone_trees_medium, uniq_erica
Lair:2:   layout_regular_city, nicolae_snake_entry_squirm, beast_lair_carwin_5,
          serial_bayou_shore_a
Lair:3:   layout_cave_shapes, swamp_mist, enter_volcano_4
Lair:4:   layout_misc_corridors, slime_entry_1
Lair:5:   gammafunk_lair_ancient_temple, layout_misc_corridors
Orc:1:    layout_diamond_mine, basic_altar, uniq_erolcha, uniq_snorg

Skill      XL: |  1  2  3  4  5  6  7  8  9 10 11 12 13 14 15 |
---------------+----------------------------------------------+-----
Invocations    | 1 2 3 4 5 6 7 8 9 10 11 | 11.6
Short Blades   | 1 2 3 4 5 6 8 9 10 | 10.6
Long Blades    | 1 2 3 4 5 6 8 9 10 | 10.6
Axes           | 1 2 3 4 5 6 8 9 10 | 10.6
Maces & Flails | 1 2 3 4 5 6 8 9 10 | 10.6
Polearms       | 1 2 3 4 5 6 8 9 10 | 10.6
Staves         | 1 2 3 4 5 6 8 9 10 | 10.6
Ranged Weapons | 1 2 3 4 5 6 8 9 10 | 10.6
Throwing       | 1 2 3 4 5 6 8 9 10 | 10.6
Armour         | 1 2 3 4 5 6 8 9 10 | 10.6
Stealth        | 1 2 3 4 5 6 8 9 10 | 10.6
Shields        | 1 2 3 4 5 6 8 9 10 | 10.6
Spellcasting   | 1 2 3 4 5 6 8 9 10 | 10.6
Evocations     | 1 2 3 4 5 6 8 9 10 | 10.6
Conjurations   | 1 2 3 4 5 6 7 8 9 |  9.0
Hexes          | 1 2 3 4 5 6 7 8 9 |  9.0
Summonings     | 1 2 3 4 5 6 7 8 9 |  9.0
Necromancy     | 1 2 3 4 5 6 7 8 9 |  9.0
Translocations | 1 2 3 4 5 6 7 8 9 |  9.0
Transmutations | 1 2 3 4 5 6 7 8 9 |  9.0
Fire Magic     | 1 2 3 4 5 6 7 8 9 |  9.0
Ice Magic      | 1 2 3 4 5 6 7 8 9 |  9.0
Air Magic      | 1 2 3 4 5 6 7 8 9 |  9.0
Earth Magic    | 1 2 3 4 5 6 7 8 9 |  9.0
Poison Magic   | 1 2 3 4 5 6 7 8 9 |  9.0
Fighting       | 3 4 5 6 7 8 9 10 11 | 11.0
Dodging        | 5 6 7 8 9 10 11 | 11.6
Unarmed Combat | 7 8 9 10 11 12 | 12.4
Shapeshifting  | 7 8 9 10 11 | 11.7

Action                     |  1- 3 |  4- 6 |  7- 9 | 10-12 | 13-15 || total
---------------------------+-------+-------+-------+-------+-------++-------
  Melee: Unarmed           |    52 |    89 |   270 |   584 |  1348 ||  2343
         Bite              |     1 |     8 |    34 |    84 |   251 ||   378
         Punch             |     1 |     3 |    10 |       |       ||    14
         Hand axe          |       |       |     5 |       |       ||     5
   Fire: Triple crossbow   |       |       |       |       |    22 ||    22
 Invoke: Reject Sacrifices |       |     1 |       |       |       ||     1
         Renounce Religion |       |     1 |       |       |       ||     1
         Stomp             |       |       |     5 |     8 |    17 ||    30
         Line Pass         |       |       |       |     1 |       ||     1
  Evoke: Wand              |       |       |       |       |    11 ||    11
         Phantom mirror    |       |       |       |       |     1 ||     1
    Use: Scroll            |       |    10 |     2 |     9 |    16 ||    37
         Potion            |       |       |     2 |     5 |    11 ||    18
   Stab: Sleeping          |       |     3 |     3 |     3 |     7 ||    16
         Paralysed         |       |       |     7 |    43 |   112 ||   162
         Confused          |       |       |       |     1 |       ||     1
         Distracted        |       |       |       |     3 |     1 ||     4
 Armour: Animal skin       |     5 |    24 |   126 |   204 |   586 ||   945
         Ring mail         |    12 |    16 |       |       |       ||    28
  Dodge: Dodged            |    29 |    39 |   188 |   467 |   801 ||  1524
  Block: Other             |       |       |       |    42 |   251 ||   293
         Reflection        |       |       |       |       |     7 ||     7
   Form: Flux              |       |       |     1 |       |       ||     1
                           |       |       |       |       |     1 ||     1

Table legend: (Time is in decaauts)
 A = Elapsed time spent in this place.
 B = Non-inter-level travel time spent in this place.
 C = Inter-level travel time spent in this place.
 D = Time resting spent in this place.
 E = Time spent auto-exploring this place.
 F = Levels seen in this place.
 G = Mean time per level.
                   A        B        C        D        E       F      G
               +--------+--------+--------+--------+--------+-----+--------+
         Total |  29691 |  28233 |   1458 |   8134 |  14365 |  24 | 1237.1 |
       Dungeon |  19572 |  18478 |   1094 |   4434 |  10582 |  15 | 1304.8 |
        Temple |     60 |     52 |      8 |      0 |      0 |   1 |   60.0 |
          Lair |   8985 |   8630 |    355 |   3313 |   3770 |   5 | 1797.0 |
  Orcish Mines |      5 |      5 |      0 |      0 |      0 |   1 |    5.0 |
         Trove |    145 |    145 |      0 |      0 |      0 |   1 |  145.0 |
       Volcano |    922 |    922 |      0 |    386 |     13 |   1 |  922.0 |
               +--------+--------+--------+--------+--------+-----+--------+

Top non-repeatable levels by time:
  Lair:1: 2588 daAuts
    D:11: 2411 daAuts
    D:15: 2251 daAuts
  Lair:2: 2080 daAuts
  Lair:5: 1888 daAuts
    D:10: 1678 daAuts
  Lair:4: 1652 daAuts
     D:8: 1577 daAuts
    D:14: 1473 daAuts
     D:5: 1314 daAuts
     D:4: 1250 daAuts
     D:9: 1046 daAuts
     D:1: 988 daAuts
    D:12: 985 daAuts
    D:13: 982 daAuts
